caesar, neutral male human Barbarian --------- ----- |.......| #....| |.......| #|...-#### |.......| #|.^.| # ---------- |......<| #|...|###############d`#@S###%##### ..........| |.......| #....|#####:##------------- --.--- | ---.----- #---Y-# ###|`..B......`.##%#-....| ######### `## ### #|.....`..)..| ## |%...| # # #|...-.---...-###e-.^..| ### # #|...|.{ |...| |..... # # #|..`|{@ |`..| ------ ## # #|...|.{.|...| --------------.-# |...-----...| |..............|# |.....`.....| |.>............|[ |`.........`| |...............# ------------- ---------------- caesar the Bandit Experience level: 6 Strength: 18/02 Dexterity: 18 Constitution: 18 Intelligence: 9 Wisdom: 9 Charisma: 6 Health: 0(75) Energy: 16(16) Def: 2 Gold: 1084 Moves: 4237 Dungeon seed: JYYQ18YW1eOZJsm4 Game ID: caesar_1514659320 Your Inventory: Coins $ - 1084 gold pieces Weapons a - a +0 battle-axe b - a +0 short sword W - a +0 dwarvish mattock (weapon in hands) Armor e - an uncursed rusty +0 ring mail n - an uncursed +0 orcish helm q - an uncursed +0 dwarvish cloak z - an uncursed +0 pair of iron shoes N - an uncursed +0 dwarvish iron helm (being worn) Comestibles g - an uncursed tripe ration j - an uncursed eucalyptus leaf v - an uncursed food ration R - an uncursed pancake X - an uncursed fortune cookie Scrolls k - an uncursed scroll of identify t - an uncursed scroll of magic mapping w - an uncursed scroll of enchant weapon E - a cursed scroll of taming M - an uncursed scroll of genocide Q - a cursed scroll of create monster Potions u - an uncursed potion of gain energy A - a cursed potion of confusion B - a potion of holy water H - an uncursed potion of object detection P - an uncursed potion of hallucination Z - a blessed potion of paralysis Rings i - an uncursed ring of levitation S - an uncursed -1 ring of gain strength Wands l - a wand of undead turning (0:6) V - a wand of digging (0:4) Tools d - an uncursed oil lamp (0:1383) o - 4 uncursed partly used wax candles (0:204) r - 7 uncursed wax candles (0:400) s - 12 uncursed tallow candles (0:200) I - an uncursed mirror J - an uncursed leash K - an uncursed blindfold L - an uncursed tin opener U - a magic flute (0:6) Spells and supernatural/magical abilities: Name Level Category Fail Memory W - pray for help -- divine ? -- Your skills at the end: Fighting Skills bare handed combat [Basic] Weapon Skills axe [Basic] short sword [Basic] Spellcasting Skills Final Attributes: You were piously aligned. You were poison resistant. You were blinded. You were telepathic. You are dead. Vanquished creatures: a gnome king a dwarf mummy a lizard a raven a mountain nymph 2 rock piercers a pony a gnome lord a gnomish wizard a straw golem 2 giant ants 2 floating eyes 4 dwarves a homunculus a rothe 2 iguanas 4 killer bees an acid blob a coyote 2 gas spores a large kobold 2 giant rats a cave spider 3 yellow molds 7 gnomes a gnome zombie 3 jackals 7 goblins 3 grid bugs 2 bats 2 lichens 6 newts 69 creatures vanquished. Voluntary challenges: You used a wielded weapon 79 times, starting on turn 69. You read items or engraved 4 times, starting on turn 1225. You never genocided any monsters. You never polymorphed an object. You never changed form. You used no wishes. You never split a pudding. You wrote Elbereth's name 1 time, starting on turn 3912. You violated your moral code, losing 20 points of alignment, starting on turn 1633. Dungeon overview: The Dungeons of Doom: levels 1 to 8 Level 1 a long staircase Level 2 a scroll shop Level 3 a general store, an altar to Set stairs to The Gnomish Mines Level 4 a bookstore, a fountain Level 5 a hardware shop, a fountain Level 6 a fountain Level 7 <- You were here some fountains Level 8 The Gnomish Mines: Level 4 stairs to The Dungeons of Doom History has recorded: On T:1 you entered the Dungeons of Doom to retrieve the Amulet of Yendor! On T:467 you reached level 2 of The Dungeons of Doom. On T:790 you reached level 3 of The Dungeons of Doom. On T:888 you advanced to experience level 2. On T:959 you reached level 1 of The Gnomish Mines. On T:1274 you advanced to experience level 3. On T:1413 you advanced to experience level 4. On T:1686 you reached level 4 of The Dungeons of Doom. On T:1799 you reached level 5 of The Dungeons of Doom. On T:2746 you advanced to experience level 5. On T:3132 you reached level 6 of The Dungeons of Doom. On T:3170 you reached level 7 of The Dungeons of Doom. On T:3745 you reached level 8 of The Dungeons of Doom. On T:3753 you advanced to experience level 6. Score breakdown: Gold: 1084 (10325 points) Experience: 6 levels (12456 points) Exploration: 8 levels ( 16.67%) (11577 points) Discoveries: 12 items ( 4.90%) ( 6639 points) Valuables value: (no points given unless you survive) Artifact value: 0 ( 0 points) Variety of kills: 32 monsters ( 8.40%) ( 8694 points) Turncount: 4237 turns (-1109 points) Survival: died (score multiplied by 80%) Total score: 38865 Latest messages: Perhaps that's why you cannot move it. You start hitting the boulder. You hit the boulder with all your might. There's pudgy on the other side. Perhaps that's why you cannot move it. You continue hitting the boulder. You try to feel what is lying here on the ground. There are a few objects here. You can't see! (You can feel around with 'grope', typically on ^G.) Never mind. You have no eyewear equipped. You try to feel what is lying here on the ground. There are a few objects here. With great effort you move the boulder. You can't see! (You can feel around with 'grope', typically on ^G.) The snake bites! You miss the snake. The snake bites! The snake's bite was poisoned, but doesn't affect you. You die... Final status: Goodbye caesar the Barbarian, killed by a snake... You died in The Dungeons of Doom on dungeon level 7 with 38865 points, and 1084 pieces of gold, after 4237 moves. You were level 6 with a maximum of 75 hit points when you died.